 Dungeon Crawl Stone Soup version 0.21-a0-140-g479285b (webtiles) character file.

222 KristoblXynda the Ruffian (level 5, -4/45 HPs)
             Began as a Draconian Monk on July 20, 2017.
             Was a Believer of Kikubaaqudgha.
             Slain by Blork the orc
             ... wielding a +0 trident
              (8 damage)
             ... on level 4 of the Dungeon.
             The game lasted 00:07:29 (2307 turns).

KristoblXynda the Ruffian (Draconian Monk)          Turns: 2307, Time: 00:07:30

Health: -4/45      AC:  5    Str: 14    XL:     5   Next: 66%
Magic:  5/5        EV: 14    Int: 11    God:    Kikubaaqudgha [**....]
Gold:   125        SH:  0    Dex: 16    Spells: 3/4 levels left

rFire    . . .     SeeInvis .   n - +2 dagger (venom)
rCold    . . .     Gourm    .   (no shield)
rNeg     . . .     Faith    .   (armour unavailable)
rPois    .         Spirit   .   (helmet restricted)
rElec    .         Reflect  .   (no cloak)
rCorr    .         Harm     .   (no gloves)
MR       .....                  (no boots)
Stlth    +++.......             (no amulet)
HPRegen  0.15/turn              i - ring of wizardry
MPRegen  0.09/turn              h - +3 ring of dexterity

@: no status effects
A: unfitting armour, fangs 1, horns 1, cold-blooded, AC +5
a: Receive Corpses, Renounce Religion


You were on level 4 of the Dungeon.
You worshipped Kikubaaqudgha.
Kikubaaqudgha was pleased with you.
You were hungry.

You visited 1 branch of the dungeon, and saw 4 of its levels.

You collected 125 gold pieces.

Inventory:

Hand Weapons
 n - a +2 dagger of venom (weapon)
 s - a +0 dagger of venom
Missiles
 g - 5 javelins (quivered)
Jewellery
 h - a +3 ring of dexterity (right hand)
 i - a ring of wizardry (left hand)
Scrolls
 c - 2 scrolls of fog
 e - a scroll of magic mapping
 l - a scroll of remove curse
 o - a scroll of random uselessness {unknown}
 q - a scroll of recharging {unknown}
 v - a scroll of identify
Potions
 b - a potion of mutation
 d - a potion of heal wounds {unknown}
 j - a potion of might {unknown}
 k - a potion of magic {unknown}
 m - a potion of resistance {unknown}
 p - a potion of haste {unknown}
 r - a potion of curing
 u - a potion of agility {unknown}
Books
 t - Kikubaaqudgha's Catalogue of Evil Magic
   (Kikubaaqudgha gifted it to you on level 3 of the Dungeon)

   Spells                             Type                      Level
   a - Pain                           Necromancy                   1
   b - Corpse Rot                     Necromancy                   2
   c - Sublimation of Blood           Necromancy                   2
   d - Vampiric Draining              Necromancy                   3
   e - Control Undead                 Necromancy                   4
Comestibles
 a - 2 bread rations
 f - 3 fruits


   Skills:
 - Level 3.2 Fighting
 + Level 1.2 Short Blades
 + Level 4.0 Dodging
 + Level 3.8 Stealth
 - Level 4.0 Unarmed Combat


You had 3 spell levels left.
You knew the following spells:

 Your Spells              Type           Power        Failure   Level  Hunger
a - Pain                  Necr           #...         14%         1    ##.....


Dungeon Overview and Level Annotations

Branches:
Dungeon (4/15)
 Temple: D:4-7

Altars:
Fedhas
Hepliaklqana
Kikubaaqudgha

Annotations:
D:4 Blork the orc, Robin


Innate Abilities, Weirdness & Mutations

Your plain brown scales are hard. (AC +5)
You cannot fit into any form of body armour.
You are cold-blooded and may be slowed by cold attacks.
You have very sharp teeth.
You have a pair of small horns on your head.


Message History

The goblins go into a battle-frenzy!
The goblin hits you but does no damage.
A goblin comes into view.
The goblin shouts!
You hear a shout!
You see here a scroll of identify.
Throwing (i - inventory):
g - 5 javelins (quivered)
Press: ? - help, Shift-Dir - straight line, f - goblin
Aim: a goblin, wielding a dagger (unusually strong)
Okay, then.
v - a scroll of identify The goblin hits you.
* * * LOW HITPOINT WARNING * * *
The goblin hits you with a dagger.
* * * LOW HITPOINT WARNING * * *
You hear some strange, mumbled words.
The goblin closely misses you.
Unknown command.
Something hits you!
You die...
Kikubaaqudgha rasps: "You have failed me!
Welcome... death!"

##.## ##...#...
#.# #.....###
###g### ##...##
#...()# ##.##
#.#†#.# #.#
#.#g#g# #.#
##.#)#g### #+#
#....g...#
#..#.#@#.#
#.##........###
........<.....#
.####..........+
#.......#.##
#..##..##.# #..
#.## # ... ...
.#.. .##


You could see Robin, a hobgoblin and 2 goblins.

Vanquished Creatures
  An orc priest (D:3)
  A bullfrog skeleton (D:4)
  2 orc wizards (D:3)
  A gnoll (D:2)
  2 adders
  An ooze (D:2)
  3 worms (D:3)
  4 orcs (D:3)
  3 giant cockroaches
  8 hobgoblins
  5 jackals
  7 kobolds
  A quokka (D:2)
  6 bats
  3 frilled lizards
  13 goblins
  5 rats
66 creatures vanquished.

Notes
Turn   | Place    | Note
-------+----------+-------------------------------------------
     0 | D:1      | KristoblXynda the Draconian Monk began the quest for the Orb.
     0 | D:1      | Reached XP level 1. HP: 19/19 MP: 1/1
   200 | D:1      | Reached XP level 2. HP: 25/26 MP: 2/2
   949 | D:2      | Reached XP level 3. HP: 21/31 MP: 3/3
  1148 | D:2      | Found a hazy altar of Hepliaklqana.
  1387 | D:3      | Found a blossoming altar of Fedhas.
  1408 | D:3      | HP: 1/31 [orc/tomahawk (3)]
  1414 | D:3      | Reached XP level 4. HP: 10/38 MP: 4/4
  1582 | D:3      | Reached XP level 5. HP: 24/45 MP: 5/5
  1766 | D:3      | Found an ancient bone altar of Kikubaaqudgha.
  1970 | D:3      | Found a faded altar of an unknown god.
  2189 | D:3      | Became a worshipper of Kikubaaqudgha
  2189 | D:3      | Reached * piety under Kikubaaqudgha
  2189 | D:3      | Identified Kikubaaqudgha's Catalogue of Evil Magic (Kikubaaqudgha gifted it to you on level 3 of the Dungeon)
  2189 | D:3      | Received a gift from Kikubaaqudgha
  2189 | D:3      | Reached ** piety under Kikubaaqudgha
  2196 | D:3      | Learned a level 1 spell: Pain
  2231 | D:4      | Reached skill level 1 in Short Blades
  2270 | D:4      | Noticed Blork the orc
  2271 | D:4      | Noticed Robin
  2289 | D:4      | Gained mutation: You have very sharp teeth. [potion of mutation]
  2289 | D:4      | Gained mutation: You have a pair of small horns on your head. [potion of mutation]
  2307 | D:4      | Slain by Blork the orc

Vault maps used:
D:1:      mainiacjoe_arrival_reflecting_pool
D:2:      marbit_many_paths, first_bread, cheibrodos_gnoll_hut
D:3:      kiku_gazebo_pond_becter, chequers_ecumenical_altar_island,
          fedhas_altar_2
D:4:      old_standard_altar, temple_pool_b, uniq_blork_the_orc, uniq_robin

Skill      XL: |  1  2  3  4  5 |
---------------+----------------+-----
Stealth        | 2 3 |  3.8
Dodging        | 3 4 |  4.0
Unarmed Combat | 4 |  4.0
Short Blades   | 1 |  1.2
Fighting       | |  3.2

Action                   |  1- 3 |  4- 6 || total
-------------------------+-------+-------++-------
Melee: Unarmed           |    60 |       ||    60
       Tailslap          |    12 |    17 ||    29
       Dagger            |    38 |    90 ||   128
       Headbutt          |       |     1 ||     1
       Punch             |       |     1 ||     1
  Use: Scroll            |     4 |     3 ||     7
       Potion            |     3 |     1 ||     4
 Stab: Sleeping          |     4 |     1 ||     5
  Eat: Chunk             |     1 |     3 ||     4
Armor: Skin              |    23 |    22 ||    45
Dodge: Dodged            |    73 |    49 ||   122
